 Dungeon Crawl Stone Soup version 0.30.1 (webtiles) character file.

Game seed: 8235319646267025464

4 GimliDwarf the Protected (level 1, -1/13 HPs)
             Began as a Gnoll Wanderer on July 12, 2023.
             Succumbed to a kobold's poison
             ... on level 1 of the Dungeon.
             The game lasted 00:00:16 (77 turns).

GimliDwarf the Protected (Gnoll Wanderer)             Turns: 77, Time: 00:00:16

Health: -1/13      AC:  8    Str:  9    XL:     1   Next: 70%
Magic:  1/1        EV:  8    Int: 10    God:
Gold:   15         SH:  0    Dex: 14    Spells: 0/0 levels left

rFire   . . .        a - +2 mace
rCold   . . .        (no shield)
rNeg    . . .        c - +0 scale mail
rPois   .            (no helmet)
rElec   .            (no cloak)
rCorr   .            (no gloves)
SInv    .            (no boots)
Will    .....        (no amulet) Stlth
                     (no ring)
HPRegen 0.22/turn    (no ring)
MPRegen 0.07/turn

%: no passive effects
@: lethally poisoned (-1 -> -13)
A: fangs 1, strong nose, distributed training
a: no special abilities


You were on level 1 of the Dungeon.
You visited 1 branch of the dungeon, and saw 1 of its levels.

You collected 15 gold pieces.

Inventory:

Hand Weapons
 a - a +2 mace (weapon)
 b - a +0 falchion
Armour
 c - a +0 scale mail (worn)
Scrolls
 d - a scroll of fear
Potions
 e - a potion of haste {unknown}
 f - a potion of ambrosia {unknown}


   Skills:
 + Level 0.1 Fighting
 + Level 0.1 Short Blades
 + Level 4.4 Long Blades
 + Level 0.1 Axes
 + Level 8.4 Maces & Flails
 + Level 0.1 Polearms
 + Level 0.1 Staves
 + Level 0.1 Ranged Weapons
 + Level 0.1 Throwing
 + Level 8.4 Armour
 + Level 0.1 Dodging
 + Level 0.1 Stealth
 + Level 0.1 Shields
 + Level 0.1 Unarmed Combat
 + Level 0.1 Spellcasting
 + Level 0.1 Conjurations
 + Level 0.1 Hexes
 + Level 0.1 Summonings
 + Level 0.1 Necromancy
 + Level 0.1 Translocations
 + Level 0.1 Transmutations
 + Level 0.1 Fire Magic
 + Level 0.1 Ice Magic
 + Level 0.1 Air Magic
 + Level 0.1 Earth Magic
 + Level 0.1 Poison Magic
 + Level 0.2 Invocations
 + Level 0.1 Evocations


You couldn't memorise any spells.
You didn't know any spells.
Your spell library was empty.

Dungeon Overview and Level Annotations

Branches:
Dungeon (1/15)

Altars:


Innate Abilities, Weirdness & Mutations

You have very sharp teeth.
Your uncanny sense of smell can sniff out nearby items.
Your experience applies equally to all skills.


Message History

You open the door.
There is an open door here.
You now have 15 gold pieces.
You open the door.
A kobold comes into view. It is wielding a +0 short sword.
The kobold throws a stone.
The stone hits you but does no damage.
There is an open door here.
The kobold throws a stone.
The stone barely misses you. The kobold hits you but does no damage.
You hit the kobold.
You kill the kobold!
Things that are here:
a +0 short sword; 3 stones; a kobold corpse You open the door.
A goblin comes into view. It is wielding a +0 club.
The goblin shouts!
A kobold comes into view. It is wielding a +1 dagger of venom.
The kobold shouts!
There is an open door here.
A goblin comes into view. It is wielding a +0 dagger.
The goblin shouts!
The kobold hits you but does no damage.
You are poisoned.
You barely miss the kobold.
You feel sick. The goblin hits you but does no damage.
The kobold closely misses you.
You barely miss the kobold.
You feel sick. The goblin hits you with a +0 club.
The kobold hits you but does no damage.
You are lethally poisoned!
A hobgoblin comes into view.
You closely miss the kobold.
You feel very sick. The goblin hits you but does no damage.
The kobold barely misses you.
You are too injured to fight recklessly!
You are too injured to fight recklessly!
The kobold attacks as you move away! The kobold hits you but does no damage.
You are more poisoned.
* * * LOW HITPOINT WARNING * * *
You feel very sick. The goblin barely misses you.
You die...

#######+# #........
#........ ####........
#. ..##.....g.. ..#
#.##........ #.#
#.##Kg......
##.####.##..g.....
.........@........
##.####.##........
#######.####.##########
..........).....#
######'####.##.#
#.....#.# .. #.....#..
...∆ #.....#### .. ##
#.....# .


You could see a hobgoblin, 2 goblins and a kobold.

Vanquished Creatures
  A giant cockroach (D:1)
  A hobgoblin (D:1)
  A kobold (D:1)
  A frilled lizard (D:1)
4 creatures vanquished.

Notes
Turn   | Place    | Note
-------+----------+-------------------------------------------
     0 | D:1      | GimliDwarf the Gnoll Wanderer began the quest for the Orb.
     0 | D:1      | GimliDwarf set off with the following items: a +2 mace, a
                  | +0 falchion, a +0 scale mail, a scroll of fear.
     0 | D:1      | Reached XP level 1. HP: 13/13 MP: 1/1
    77 | D:1      | Succumbed to a kobold's poison

Illustrated notes

Levels and vault maps discovered:
D:1:      eino_arrival_druids_welcome, layout_basic

Action                     || total
---------------------------++-------
  Melee: Mace              ||    18
         Bite              ||     1
 Armour: Scale mail        ||    11
  Dodge: Dodged            ||     9
